AoeStats
← Crab_King

Nomad

504383179Analyzed
2v2 RM · 28d ago on Sep 5, 2026· 25m 11s· 4 players
Game mode
Random Map
Map size
176×176
Population
200
Speed
Normal
Resources
Standard
Victory
Conquest
Starting age
Dark Age
Ending age
Imperial Age
RankedLock teamsTeams togetherTeam positionsShared explorationLock speedFull tech treeHidden civsTurbo modeCheats
Victory
Defeat
🇦🇷 Spanish · Argentina
1104
+11
🇦🇷 Huns · Argentina
781
+24
🇺🇸 Vikings · United States
995
-18
🇺🇸 Byzantines · United States
962
-17
Cheu7855
4:50 Loom
13:18 Feudal Age
20:58 Castle Age
22:11 Town Watch
25:28 Bloodlines
Maximocozeti686
5:53 Loom
17:20 Feudal Age
19:00 Fishing Lines
20:29 Horse Collar
21:27 Double-Bit Axe
Inflation
16:56 Feudal Age
Crab_King
5:00 Loom
14:52 Feudal Age
15:35 Double-Bit Axe
15:55 Town Watch
19:21 Castle Age
17:56 Horse Collar
19:12 Gold Mining
19:41 Crossbowman
20:19 Fletching
21:45 Bodkin Arrow
Connection lost

Rejoining the realm…

Still unreachable

The connection could not be restored.

Session expired

The server has moved on; the page needs a fresh start.